 Dungeon Crawl Stone Soup version 0.22-a0-404-g35e51767bf (webtiles) character file.

105 Azzok the Skirmisher (level 4, 0/45 HPs)
             Began as a Minotaur Fighter on May 8, 2018.
             Slain by a gnoll
             ... wielding a +0 halberd
              (14 damage)
             ... on level 2 of the Dungeon.
             The game lasted 00:02:58 (1117 turns).

Azzok the Skirmisher (Minotaur Fighter)             Turns: 1117, Time: 00:02:59

Health: 0/45       AC:  6    Str: 21    XL:     4   Next: 54%
Magic:  3/3        EV:  7    Int:  5    God:
Gold:   52         SH:  9    Dex: 10    Spells: 3/3 levels left

rFire    . . .     SeeInvis .   a - +0 long sword
rCold    . . .     Gourm    .   c - +0 shield
rNeg     . . .     Faith    .   b - +0 scale mail
rPois    .         Spirit   .   (helmet restricted)
rElec    .         Reflect  .   (no cloak)
rCorr    .         Harm     .   (no gloves)
MR       .....                  (no boots)
Stlth    ..........             (no amulet)
HPRegen  0.15/turn              (no ring)
MPRegen  0.08/turn              (no ring)

@: no status effects
A: retaliatory headbutt, horns 2
a: no special abilities


You were on level 2 of the Dungeon.
You were not hungry.

You visited 1 branch of the dungeon, and saw 2 of its levels.

You collected 52 gold pieces.

Inventory:

Hand Weapons
 a - a +0 long sword (weapon)
Armour
 b - a +0 scale mail (worn)
 c - a +0 shield (worn)
Scrolls
 i - 3 scrolls of teleportation {unknown}
 j - a scroll of immolation {unknown}
 k - a scroll of identify {unknown}
 m - a scroll of remove curse {unknown}
Potions
 d - a potion of might
 e - a potion of agility {unknown}
 h - a potion of curing {unknown}
 l - a potion of haste {unknown}
Comestibles
 f - 4 rations
 g - a chunk of flesh


   Skills:
 + Level 6.5 Fighting
 - Level 2.4 Long Blades
 - Level 3.6 Armour
 - Level 3.6 Shields


You had 3 spell levels left.
You didn't know any spells.

Dungeon Overview and Level Annotations

Branches:
Dungeon (2/15)

Altars:
Gozag
Uskayaw


Innate Abilities, Weirdness & Mutations

You reflexively headbutt those who attack you in melee.
You have a pair of horns on your head.


Message History

The gnoll throws a tomahawk.
The tomahawk hits you.
Things that are here:
a tomahawk; an adder corpse You see here a hobgoblin corpse.
You block the gnoll's attack.
You hit the gnoll but do no damage. Your headbutt misses the gnoll.
You block the gnoll's attack.
The gnoll hits you from afar with a halberd.
You closely miss the gnoll. You block the gnoll's attack.
The gnoll hits you from afar with a halberd!
* * * LOW HITPOINT WARNING * * *
The gnoll hits you but does no damage.
The gnoll throws a tomahawk.
The tomahawk barely misses you.
Some of the chunks of flesh in your inventory have rotted away.
The gnoll throws a tomahawk.
You block the tomahawk.
You see here a tomahawk.
The teleport trap disappears.
The gnoll disappears!
You open the door.
The gnoll hits you from afar with a halberd!
You die...

▒······▒·▒▒▒····▒
▒······▒·▒·····▒▒▒▒
▒▒············))···╬
▒·······▒·▒·▒·▒<▒▒▒▒
▒▒·▒▒··▒·▒·▒·▒·▒▒▒
▒·······╬▒···▒·▒
▒▒·▒▒▒▒▒···▒▒▒▒·▒
▒··▒··(▒···'····▒
▒··▒··(▒··@▒ ▒▒▒
▒··▒▒▒▒▒···▒
▒·······g··▒
▒····_·····▒▒▒▒
▒·············▒
▒·············▒
▒·············▒
▒···········g·▒
▒▒▒▒▒▒
▒·············▒
▒····▒


You could see 2 dancing weapons and 2 gnolls.

Vanquished Creatures
  4 gnolls
  2 adders (D:2)
  A worm (D:2)
  3 leopard geckos (D:1)
  A giant cockroach (D:1)
  3 goblins (D:1)
  8 hobgoblins
  4 jackals (D:1)
  A quokka (D:2)
  2 ball pythons (D:2)
  4 bats
  2 frilled lizards (D:1)
  3 kobolds
  5 rats
  A toadstool (D:1)
44 creatures vanquished.

Vanquished Creatures (others)
  3 toadstools (D:1)
3 creatures vanquished.

Grand Total: 47 creatures vanquished

Notes
Turn   | Place    | Note
-------+----------+-------------------------------------------
     0 | D:1      | Azzok the Minotaur Fighter began the quest for the Orb.
     0 | D:1      | Reached XP level 1. HP: 19/19 MP: 0/0
    77 | D:1      | Reached skill level 4 in Fighting
   164 | D:1      | Reached XP level 2. HP: 28/28 MP: 1/1
   503 | D:1      | Reached skill level 5 in Fighting
   546 | D:1      | Reached XP level 3. HP: 34/36 MP: 2/2
   785 | D:2      | Noticed a hand axe
   786 | D:2      | Found a hide-covered altar of Uskayaw.
   818 | D:2      | Reached skill level 6 in Fighting
   818 | D:2      | Reached XP level 4. HP: 36/44 MP: 3/3
   827 | D:2      | Noticed a hand axe
   870 | D:2      | Found an opulent altar of Gozag.
  1117 | D:2      | Slain by a gnoll

Vault maps used:
D:1:      ldierk_water_garden
D:2:      grunt_gozag_statues, dancing_weapons_uskayaw

Skill      XL: |  1  2  3 |
---------------+----------+-----
Fighting       | 4 5 6 |  6.5
Long Blades    | |  2.4
Armour         | |  3.6
Shields        | |  3.6

Action                   |  1- 3 |  4- 6 || total
-------------------------+-------+-------++-------
Melee: Long sword        |    63 |    36 ||    99
       Headbutt          |    12 |     6 ||    18
  Eat: Chunk             |       |     1 ||     1
Armor: Scale mail        |    22 |     7 ||    29
Dodge: Dodged            |    30 |    14 ||    44
Block: Shield            |    32 |    24 ||    56
       Rpst.: Long sword |     9 |     4 ||    13

Table legend:
 A = Spawn XP
 B = Non-spawn XP
 C = Spawn XP percentage of total XP
 D = Spawn monster count
 E = Non-spawn monster count
 F = Spawn count percentage of total count
 G = Total turns spent on level
                    A         B        C        D         E        F      G
               +---------+---------+-------+---------+---------+-------+---------
         Total |       0 |     151 |   0.0 |       0 |      43 |   0.0 |  1117
               +---------+---------+-------+---------+---------+-------+---------
           D:1 |       0 |      73 |   0.0 |       0 |      27 |   0.0 |   781
           D:2 |       0 |      78 |   0.0 |       0 |      16 |   0.0 |   336
               +---------+---------+-------+---------+---------+-------+---------
